cohdb
Replays
Latest Replays
All Replays
Popular Replays
Top Player Replays
Match Explorer
How It Works
Community
CoH3 Stats
Reddit
Sign in to upload your games and track your stats! →
Sign in with Steam
Match 44005459
Unlisted
Match 44005459
Overview
Messages
Build Orders
End
250 Light Carrier
Panzerpioneer Squad
Selects Panzerjäger Kommand Battlegroup
Selects Mine Fields
250 Light Carrier
Construct Light Support Kompanie
Panzergrenadier Squad
Selects GrB 39 Grenade Launcher Requisition
Fire Support Elements
Panzergrenadier Squad
Veteran Squad Leaders
Construct Mechanized Kompanie
Selects Defensive Positions
Pak 38 Mechanized Group
254 Reconnaissance Tractor
Marder III Tank Destroyer
Tungsten Core Ammunition
Selects Crew Shock Tactics
Construct Panzerarmee Kommand
Panzergrenadier Squad
2.5-tonne Medical Truck
Panzer III L Medium Tank
我將點燃大海
DIKE815_KR
1789Lan1949
Voodoo408
geitje1
Oncle-Hô
DappDapp
Shnezou
0
0
Comments
sign in to comment!
No comments posted yet!